 Dungeon Crawl Stone Soup version 0.26-a0-1147-g3780a7a11b (webtiles) character file.

Game seed: 3853132154238935147

3 Dracia the Digger (level 1, -1/13 HPs)
             Began as a Demonspawn Wanderer on Dec 22, 2020.
             Slain by a jackal (2 damage)
             ... on level 1 of the Dungeon.
             The game lasted 00:00:31 (29 turns).

Dracia the Digger (Demonspawn Wanderer)               Turns: 29, Time: 00:00:32

Health: -1/13      AC:  2    Str: 10    XL:     1   Next: 41%
Magic:  1/4        EV: 11    Int: 13    God:
Gold:   0          SH:  0    Dex: 14    Spells: 5/6 levels left

rFire    . . .     SeeInvis .   a - +0 dagger
rCold    . . .     Faith    .   (no shield)
rNeg     . . .     Spirit   .   e - +0 robe
rPois    .         Reflect  .   (no helmet)
rElec    .         Harm     .   (no cloak)
rCorr    .         Rampage  .   (no gloves)
Will     .....                  (no boots)
Stlth    +.........             (no amulet)
HPRegen  0.04/turn              (no ring)
MPRegen  0.09/turn              (no ring)

@: no status effects
A: no striking features
a: no special abilities


You were on level 1 of the Dungeon.
You visited 1 branch of the dungeon, and saw 1 of its levels.


   Skills:
 - Level 1.0 Throwing
 - Level 1.0 Shields
 + Level 3.1 Spellcasting
 + Level 0.5 Conjurations
 - Level 1.0 Ice Magic
 - Level 3.6 Earth Magic


You had 5 spell levels left.
You knew the following spells:

 Your Spells              Type           Power        Failure   Level
z - Magic Dart            Conj           12%          19%         1

Your spell library contained the following spells:

 Spells                   Type           Power        Failure   Level
 Apportation              Tloc           4%           22%         1
 Blink                    Tloc           N/A          34%         2
 Call Imp                 Summ           2%           34%         2
 Slow                     Hex            2%           34%         2
 Conjure Flame            Conj/Fire      2%           52%         3
 Mephitic Cloud           Conj/Pois/Air  2%           54%         3
 Lesser Beckoning         Tloc           1%           56%         3

Inventory:

Hand Weapons
 a - a +0 dagger (weapon)
Missiles
 c - 13 poisoned darts (quivered)
Armour
 e - a +0 robe (worn)

Dungeon Overview and Level Annotations

Branches:
Dungeon (1/15)

Altars:

.$...........# #.
#.>..........##...
.##.##...........)#.
....................
#.?.............
#..##♣♣♣[♣♣♣##. #
#..# ♣⌠♣
#.#).♣♣♣♣♣.♣♣♣♣♣..
#(...h@.⌠.<.⌠.....
#.h..♣♣♣♣♣.♣♣♣♣♣..
#.#..# ♣⌠♣ #.#..#
♣.♣ #.#... ... .
#.... ... . .....
... .?..#..#.##


You could see 2 jackals.


Message History

The dart slug is lightly wounded.
You hear a bark!
You hit the dart slug.
The dart slug is heavily wounded.
The dart slug launches a dart at you. The slug dart hits you.
* * * LOW HITPOINT WARNING * * *
Throw: 15 darts (poison)
Press: ? - help, Q - select action, (/) - cycle Shift-Dir - straight line, f/p - dart slug
Aim: a dart slug (heavily wounded)
You throw a poisoned dart. The poisoned dart hits the dart slug.
The dart slug is poisoned.
The dart slug is heavily wounded.
The dart slug bites you.
* * * LOW HITPOINT WARNING * * *
You barely miss the dart slug.
The dart slug is severely wounded.
You hit the dart slug but do no damage.
The dart slug is almost dead.
You kill the dart slug!
A jackal comes into view.
Throw: 14 darts (poison)
Press: ? - help, Q - select action, (/) - cycle Shift-Dir - straight line, f - jackal
Aim: a jackal You throw a poisoned dart.
The poisoned dart closely misses the jackal.
The jackal bites you.
* * * LOW HITPOINT WARNING * * *
The jackal bites you.
You die...

Action                   || total
-------------------------++-------
Melee: Dagger            ||     5
Throw: Dart              ||     2
 Cast: Magic Dart        ||     4
Dodge: Dodged            ||     1

Levels and vault maps discovered:
D:1:      scummos_arrival_forest, layout_rooms

Notes
Turn   | Place    | Note
-------+----------+-------------------------------------------
     0 | D:1      | Dracia the Demonspawn Wanderer began the quest for the Orb.
     0 | D:1      | Dracia set off with the following items: a +0 dagger, 15
                  | poisoned darts, a +0 robe; and the following spells
                  | available to memorise: Apportation, Magic Dart, Blink, Call
                  | Imp, Slow, Conjure Flame, Lesser Beckoning, Mephitic Cloud
     0 | D:1      | Reached XP level 1. HP: 13/13 MP: 4/4
     2 | D:1      | Learned a level 1 spell: Magic Dart
    29 | D:1      | HP: 1/13 [jackal (3)]
    29 | D:1      | Slain by a jackal

Vanquished Creatures
  A dart slug (D:1)
  A kobold (D:1)
2 creatures vanquished.

Table legend: (Time is in decaauts)
 A = Elapsed time spent in this place.
 B = Non-inter-level travel time spent in this place.
 C = Inter-level travel time spent in this place.
 D = Time resting spent in this place.
 E = Time spent auto-exploring this place.
 F = Levels seen in this place.
 G = Mean time per level.
                   A        B        C        D        E       F      G
               +--------+--------+--------+--------+--------+-----+--------+
         Total |     28 |     28 |      0 |      0 |      7 |   1 |   28.0 |
       Dungeon |     28 |     28 |      0 |      0 |      7 |   1 |   28.0 |
               +--------+--------+--------+--------+--------+-----+--------+

Top non-repeatable levels by time:
     D:1: 28 daAuts

Table legend:
 A = Non-vault XP
 B = Vault XP
 C = Vault XP percentage of total XP
 D = Non-vault monster count
 E = Vault monster count
 F = Vault count percentage of total count
                 A         B        C        D         E       F
            +---------+---------+-------+---------+---------+-------
      Total |       5 |       0 |   0.0 |       2 |       0 |   0.0
            +---------+---------+-------+---------+---------+-------
        D:1 |       5 |       0 |   0.0 |       2 |       0 |   0.0
            +---------+---------+-------+---------+---------+-------
